 Dungeon Crawl Stone Soup version 0.13.0-9-gbc74161 (webtiles) character file.

155 Malachi the Cudgeler (level 4, -3/42 HPs)
             Began as a Naga Gladiator on Oct 17, 2013.
             Was an Initiate of Okawaru.
             Killed from afar by Sigmund (9 damage)
             ... with a magic dart
             ... on Level 2 of the Dungeon.
             The game lasted 00:03:58 (2142 turns).

Malachi the Cudgeler (Naga Gladiator)               Turns: 2142, Time: 00:03:58

HP  -3/42        AC  6     Str 19      XL: 4   Next: 27%
MP   3/3         EV  4     Int  8      God: Okawaru [......]
Gold 82          SH  0     Dex 11      Spells:  0 memorised,  3 levels left

Res.Fire  : + . .   See Invis. : +   a - +0 mace
Res.Cold  : . . .   Warding    : .   r - +0 chain mail
Life Prot.: + . .   Conserve   : .   (no shield)
Res.Poison: +       Res.Corr.  : .   c - +0 helmet
Res.Elec. : .       Clarity    : .   (no cloak)
Sust.Abil.: . .     Spirit.Shd : .   (no gloves)
Res.Mut.  : .       Stasis     : .   (no barding)
Res.Rott. : .       Flight     : .   (no amulet)
Saprovore : . . .                    o - ring of positive energy
                                     e - ring of protection from fire

@: short of breath, invisible, very slightly contaminated, very slow, slightly
resistant to hostile enchantments, extremely unstealthy
A: spit poison, see invisible, deformed body, poison resistance, slowness 2, AC
+1
a: Spit Poison, Renounce Religion


You were on level 2 of the Dungeon.
You worshipped Okawaru.
Okawaru was noncommittal.
You were hungry.

You visited 1 branch of the dungeon, and saw 2 of its levels.

You collected 62 gold pieces.

Inventory:

Hand weapons
 a - a +0,+0 mace (weapon)
Armour
 b - a +0 leather armour
 c - a +0 helmet (worn)
 r - a +0 chain mail (worn)
Magical devices
 h - a wand of flame (15)
Comestibles
 f - 3 bread rations
 j - 2 chokos
Scrolls
 g - a scroll of teleportation {unknown}
 k - a scroll of enchant weapon II {unknown}
 l - 2 scrolls of remove curse {unknown}
 n - a scroll of magic mapping {unknown}
 p - a scroll of blinking {unknown}
 q - a scroll of enchant weapon I {unknown}
Jewellery
 e - a ring of protection from fire (left hand)
 o - a ring of positive energy (right hand)
Potions
 m - a potion of invisibility


   Skills:
 + Level 2.1 Fighting
 * Level 4.0 Maces & Flails
 - Level 1.7 Throwing
 + Level 1.0 Armour
 + Level 3.0 Dodging


You had 3 spell levels left.
You didn't know any spells.

Dungeon Overview and Level Annotations

Branches:
Dungeon (2/27)

Altars:
Cheibriados
Makhleb
Nemelex Xobeh
Okawaru

Annotations:
D:2 Sigmund


Innate Abilities, Weirdness & Mutations

You cannot wear boots.
You can spit poison.
Your serpentine skin is tough (AC +1).
You have supernaturally acute eyesight.
Armour fits poorly on your strangely shaped body.
Your system is resistant to poisons.
You cover ground very slowly.


Message History

You hit Sigmund but do no damage.
Sigmund is heavily wounded.
Sigmund casts a spell at you. You resist.
You're too confused!
Firing (i - inventory): No suitable missiles.
Press: ? - help, Shift-Dir - straight line, f/p - Sigmund
Aim: Sigmund, wielding a glowing scythe and wearing an embroidered robe (heavily wounded, slightly transparent)
Okay, then.
Ouch! Sigmund barely misses you.
You feel less confused.
Use which ability? (? or * to list)
Press: ? - help, Shift-Dir - straight line, f/p - Sigmund
Aim: Sigmund, wielding a glowing scythe and wearing an embroidered robe (heavily wounded, slightly transparent)
The splash of poison hits Sigmund.
Sigmund is poisoned.
Sigmund is severely wounded.
You feel slightly more hungry. Sigmund barely misses you.
Sigmund casts a spell at something.
The magic dart hits you!
You die...

########.###.... .... #.# ##
... #.## .l #..# #.## ##.#
#..# #.# ###(#### #.#
#......# ###
#####.##########(.....### #..
#........##.@..@......'.# #..
#....)...##.####....).#.###..
#........##.# #....).#..##.>
#...........# #......##.....
#........#### #......#####..
#....(...# ###'#### ###
#........# #[..## ##########
###..# #######%##


You could see Sigmund (invisible).

Vanquished Creatures
  Terence (D:2)
  2 adders (D:2)
  A worm (D:2)
  2 giant geckos (D:2)
  A ball python (D:2)
  2 goblins (D:2)
  4 hobgoblins
  4 jackals (D:2)
  A quokka (D:2)
  2 bats (D:2)
  4 giant cockroaches
  3 giant newts
  3 kobolds
  3 rats
33 creatures vanquished.

Notes
Turn   | Place    | Note
--------------------------------------------------------------
     0 | D:1      | Malachi, the Naga Gladiator, began the quest for the Orb.
     0 | D:1      | Reached XP level 1. HP: 20/20 MP: 0/0
   605 | D:1      | Found a snail-covered altar of Cheibriados.
   689 | D:1      | Reached XP level 2. HP: 27/27 MP: 1/1
  1029 | D:2      | Reached XP level 3. HP: 8/33 MP: 2/2
  1413 | D:2      | Noticed Terence
  1430 | D:2      | Killed Terence
  1747 | D:2      | Found an iron altar of Okawaru.
  1752 | D:2      | Found a burning altar of Makhleb.
  1792 | D:2      | Became a worshipper of Warmaster Okawaru
  1856 | D:2      | Found a sparkling altar of Nemelex Xobeh.
  1887 | D:2      | Reached XP level 4. HP: 38/42 MP: 3/3
  1891 | D:2      | Reached skill level 4 in Maces & Flails
  1914 | D:2      | Reached skill level 1 in Armour
  2110 | D:2      | Noticed Sigmund
  2142 | D:2      | Killed from afar by Sigmund

Action                   |  1- 3 |  4- 6 || total
-------------------------+-------+-------++-------
Melee: Mace              |   113 |    34 ||   147
Throw: Throwing net      |       |     3 ||     3
 Abil: Spit Poison       |     4 |     7 ||    11
Evoke: Wand              |     1 |       ||     1
  Use: Scroll            |     2 |       ||     2
       Potion            |       |     1 ||     1
 Stab: Held in net/web   |       |     1 ||     1
